 Dungeon Crawl Stone Soup version 0.31-a0-986-g5e6e4ef867 (webtiles) character file.

Game seed: 3042929590336949368

69 Maxmaps the Covert (level 4, 0/31 HPs)
             Began as an Octopode Delver on Nov 7, 2023.
             Slain by a sleepcap (1 damage)
             ... on level 4 of the Dungeon.
             The game lasted 00:00:26 (78 turns).

Maxmaps the Covert (Octopode Delver)                  Turns: 78, Time: 00:00:27

Health: 0/31       AC:  1    Str: 11    XL:     4   Next: 20%
Magic:  4/4        EV:  2    Int: 12    God:
Gold:   0          SH:  0    Dex: 15    Spells: 3/3 levels left

rFire   . .          .
                       - Unarmed
rCold   . . .        (no shield)
rNeg    . . .        (helmet restricted)
rPois   .            (no amulet)
rElec   .            (no ring)
rCorr   .            (no ring)
SInv    .            (no ring)
Will    .....        (no ring)
Stlth   +++++        (no ring)
HPRegen 0.25/turn    (no ring)
MPRegen 0.09/turn    (no ring)
                     (no ring)

%: no passive effects
@: sleeping
A: almost no armour, amphibious, 8 rings, camouflage 1, gelatinous body 1,
(nimble swimmer 1), tentacles
a: no special abilities


You were on level 4 of the Dungeon.
You visited 1 branch of the dungeon, and saw 2 of its levels.

Inventory:

Talismans
 f - a maw talisman
Wands
 e - a wand of digging (3)
Scrolls
 a - a scroll of fog
 b - a scroll of revelation
 c - a scroll of fear
Potions
 d - a potion of haste


   Skills:
 - Level 3.0 Fighting
 - Level 2.0 Dodging
 + Level 8.7 Stealth
 - Level 2.0 Unarmed Combat


You had 3 spell levels left.
You didn't know any spells.
Your spell library was empty.

Dungeon Overview and Level Annotations

Branches:
Dungeon (5/15)
 Temple: D:4-7

Altars:

Shops:
D:4 (   D:5 (

Annotations:
D:4 Blork the orc


Innate Abilities, Weirdness & Mutations

You cannot wear most types of armour.
You are amphibious.
You can wear up to eight rings at the same time.
Your skin changes colour to match your surroundings (Stealth+).
Your rubbery body absorbs attacks. (AC +1, EV +1)
((You are camouflaged when in or above water. (Stealth+)))
You have tentacles for arms and can constrict up to eight enemies at once.


Message History

Found a robe.
A sleepcap comes into view.
You tentacle-slap the sleepcap but do no damage.
You grab the sleepcap. You constrict the sleepcap.
The sleepcap releases spores at you.
You are engulfed in a cloud of soporific spores!
You fall asleep.
You lose your grip on the sleepcap.
You wake up.
You tentacle-slap the sleepcap but do no damage.
You grab the sleepcap.
The sleepcap is lightly damaged.
You constrict the sleepcap. The sleepcap barely misses you.
You tentacle-slap the sleepcap but do no damage.
You squeeze the sleepcap, but do no damage.
The sleepcap is lightly damaged.
You constrict the sleepcap, but do no damage.
The sleepcap releases spores at you.
You tentacle-slap the sleepcap but do no damage.
The sleepcap is lightly damaged.
You constrict the sleepcap. The sleepcap barely misses you.
Unknown command.
You tentacle-slap the sleepcap.
The sleepcap is lightly damaged.
You constrict the sleepcap. The sleepcap misses you.
You tentacle-slap the sleepcap but do no damage.
The sleepcap is moderately damaged.
You constrict the sleepcap. The sleepcap releases spores at you.
* * * LOW HITPOINT WARNING * * *
You are engulfed in a cloud of soporific spores!
You are unaffected.
Unknown command.
You tentacle-slap the sleepcap. You squeeze the sleepcap!
The sleepcap is severely damaged.
You constrict the sleepcap. The sleepcap releases spores at you!
* * * LOW HITPOINT WARNING * * *
You are engulfed in a cloud of soporific spores!
You fall asleep.
You lose your grip on the sleepcap.
The sleepcap releases spores at you.
You die...

... #..##########
............#
#..........#
#..........#
##.........
.......f.# .......@#
########
..#.....###......##
.........#........##
............>......#
...................#
##......####.......#
##....##∩.♣.......#
#[... #..........#
####. #♣........##


You could see a sleepcap.

Vanquished Creatures
  A scorpion (D:4)
  An adder (D:5)
  A dart slug (D:4)
  A ball python (D:4)
4 creatures vanquished.

Notes
Turn   | Place    | Note
-------+----------+-------------------------------------------
     0 | D:5      | Maxmaps the Octopode Delver began the quest for the Orb.
     0 | D:5      | Reached XP level 1. HP: 16/16 MP: 1/1
    26 | D:5      | Reached skill level 7 in Stealth
    26 | D:5      | Reached XP level 2. HP: 21/21 MP: 2/2
    38 | D:4      | Found Quorph's Antique Weapon Emporium.
    39 | D:4      | Noticed Blork the orc
    39 | D:4      | Noticed a scorpion
    56 | D:4      | Killed a scorpion
    57 | D:4      | Reached skill level 8 in Stealth
    57 | D:4      | Reached XP level 3. HP: 13/26 MP: 3/3
    57 | D:4      | Reached XP level 4. HP: 16/31 MP: 4/4
    77 | D:4      | HP: 1/31 [sleepcap (8)]
    78 | D:4      | Slain by a sleepcap

Illustrated notes

Levels and vault maps discovered:
D:4:      layout_rooms, serial_shops, nicolae_shop_pleasant_corner_grove,
          mainiacjoe_sewer_entry_somewhere_in_here_1, goddamned_bats,
          uniq_blork_the_orc, uniq_sigmund
D:5:      layout_basic, nicolae_overflow_quartered_altars, serial_glass,
          glass_columns_b, glass_columns_a, serial_shops,
          nicolae_shop_just_a_little_nook, kennysheep_generic_room_11

Skill      XL: |  1  2 |
---------------+-------+-----
Stealth        | 7 8 |  8.7
Fighting       | |  3.0
Dodging        | |  2.0
Unarmed Combat | |  2.0

Action                     |  1- 3 |  4- 6 || total
---------------------------+-------+-------++-------
  Melee: Unarmed           |    13 |     7 ||    20
         Constrict         |     3 |     2 ||     5
         Tentacles         |     3 |     2 ||     5
   Stab: Sleeping          |     3 |       ||     3
 Armour: Skin              |     3 |     5 ||     8
  Dodge: Dodged            |     7 |     3 ||    10

Table legend: (Time is in decaauts)
 A = Elapsed time spent in this place.
 B = Non-inter-level travel time spent in this place.
 C = Inter-level travel time spent in this place.
 D = Time resting spent in this place.
 E = Time spent auto-exploring this place.
 F = Levels seen in this place.
 G = Mean time per level.
                   A        B        C        D        E       F      G
               +--------+--------+--------+--------+--------+-----+--------+
         Total |     77 |     77 |      0 |      0 |     14 |   2 |   38.5 |
       Dungeon |     77 |     77 |      0 |      0 |     14 |   2 |   38.5 |
               +--------+--------+--------+--------+--------+-----+--------+

Top non-repeatable levels by time:
     D:4: 46 daAuts
     D:5: 30 daAuts
